 Dungeon Crawl Stone Soup version 0.28.0 (webtiles) character file.

Game seed: 1853412998039065143

594 Skilfsilihog the Conjurer (level 7, -4/50 HPs)
             Began as a Black Draconian Conjurer on Feb 19, 2022.
             Slain by an orc warrior (18 damage)
             ... on level 5 of the Dungeon.
             The game lasted 00:09:10 (5473 turns).

Skilfsilihog the Conjurer (DrCj)                    Turns: 5473, Time: 00:09:11

Health: -4/50      AC:  6    Str: 10    XL:     7   Next: 16%
Magic:  0/10       EV: 12    Int: 20    God:
Gold:   157        SH:  0    Dex:  9    Spells: 3/10 levels left

rFire   . . .      SeeInvis .   b - +0 short sword
rCold   . . .      Faith    .   (no shield)
rNeg    . . .      Spirit   .   (armour unavailable)
rPois   .          Reflect  .   (helmet restricted)
rElec   +          Harm     .   (no cloak)
rCorr   .          Rampage  .   (no gloves)
Will    .....                   (no boots)
Stlth   ++........              (no amulet)
HPRegen 0.16/turn               (no ring)
MPRegen 0.12/turn               (no ring)

@: no status effects
A: breathe lightning, AC +6, unfitting armour, electricity resistance,
cold-blooded
a: Breathe Lightning


You were on level 5 of the Dungeon.
You visited 2 branches of the dungeon, and saw 6 of its levels.

You collected 157 gold pieces.

Inventory:

Hand Weapons
 b - a +0 short sword (weapon)
Wands
 k - a wand of polymorph (4)
 m - a wand of acid (2)
Scrolls
 a - 2 scrolls of teleportation
 j - a scroll of vulnerability
Potions
 c - 3 potions of mutation {unknown}
 d - a potion of attraction {unknown}
 e - 4 potions of curing
 f - a potion of cancellation {unknown}
 g - a potion of haste {unknown}
 h - 2 potions of might
 i - a potion of heal wounds {unknown}
 l - 2 potions of degeneration {unknown}


   Skills:
 - Level 1.7 Dodging
 - Level 1.7 Stealth
 - Level 2.0 Spellcasting
 - Level 7.0 Conjurations
 + Level 4.9 Translocations


You had 3 spell levels left.
You knew the following spells:

 Your Spells              Type           Power      Damage    Failure   Level
a - Magic Dart            Conj           100%       1d8       1%          1
b - Searing Ray           Conj           60%        2d6       1%          2
c - Iskenderun's Mystic   Conj/Tloc      26%        2d7       13%         4

Your spell library contained the following spells:

 Spells                   Type           Power      Damage    Failure   Level
 Dazzling Flash           Conj/Hex       32%        N/A       11%         3
 Sting                    Tmut/Pois      8%         1d3       16%         1
 Poisonous Vapours        Pois/Air       4%         N/A       24%         2
 Ozocubu's Armour         Ice            2%         N/A       43%         3
 Fulminant Prism          Conj/Hex       8%         3d7       36%         4
 Olgreb's Toxic Radiance  Pois           2%         N/A       83%         4
 Ozocubu's Refrigeration  Ice            1%         4d5       100%        7


Dungeon Overview and Level Annotations

Branches:
Dungeon (5/15)             Temple (1/1) D:5

Altars:
Ashenzari
Cheibriados
Dithmenos
Elyvilon
Gozag
Hepliaklqana
Kikubaaqudgha
Makhleb
Okawaru
Qazlal
Ru
Sif Muna
Uskayaw
Wu Jian
Xom
Yredelemnul
Zin
The Shining One

Shops:
D:5 *?*


Innate Abilities, Weirdness & Mutations

You can breathe wild blasts of lightning.
Your glossy black scales are hard. (AC +6)
You cannot fit into any form of body armour.
You are resistant to electric shocks. (rElec)
You are cold-blooded and may be slowed by cold attacks.


Message History

An orc warrior is nearby!
The magic dart hits the orc warrior but does no damage.
The orc warrior is lightly wounded.
The orc warrior zaps a wand.
The puff of flame hits you.
The magic dart hits the orc warrior!
The orc warrior is heavily wounded.
The magic dart hits the orc warrior.
The orc warrior is heavily wounded.
A hound skeleton comes into view.
The orc warrior zaps a wand.
The puff of flame hits you!
The magic dart hits the orc warrior.
The orc warrior is severely wounded.
The magic dart hits the orc warrior but does no damage.
The orc warrior is severely wounded.
Found Guuxaluut's Assorted Antiques.
The magic dart hits the hound skeleton.
The hound skeleton is moderately damaged.
The magic dart hits the hound skeleton!
The hound skeleton is severely damaged.
The hound skeleton bites you but does no damage.
You hit the hound skeleton. You tail-slap the hound skeleton.
You destroy the hound skeleton!
The orc warrior zaps a wand.
The puff of flame hits you but does no damage.
The magic dart hits the orc warrior!
The orc warrior is almost dead.
The orc warrior misses you.
You barely miss the orc warrior.
The orc warrior is almost dead.
The orc warrior hits you but does no damage.
You barely miss the orc warrior.
The orc warrior is almost dead.
The orc warrior hits you with a +0 scimitar.
You hit the orc warrior but do no damage.
The orc warrior is almost dead.
The orc warrior zaps a wand.
The puff of flame hits you!
* * * LOW HITPOINT WARNING * * *
You are too injured to fight recklessly!
The orc warrior hits you with a +0 scimitar!!
You die...

##...###...##..##...##....#......
#...#####................#.##.)$.
#.### #..##.....#.......##.####..
#.######....................# )
#...#...#...............)......
###.).)))......)......######.. .
#..##.................## .###.
#..####.........o...)...# ..#.
##..##.#.#####..@........# ....
#..........# #.##.♣......# ..#.
##......##...............# ....
#...##..#.......♣∩♣....... ..#.
#...#..##.#..... ......... .(..
##..#..## ......♣....... ....
###)÷...####............. ....
<###................... ....
..##.###........... .#..


You could see an orc warrior.

Vanquished Creatures
  A sky beast (D:5)
  2 ogres (D:4)
  An orc priest (D:5)
  2 hounds (D:5)
  2 iguanas (D:5)
  A hound skeleton (D:5)
  5 adders
  An ufetubus (D:5)
  3 adder skeletons (D:4)
  A worm (D:2)
  5 dart slugs
  16 orcs
  4 ball pythons
  3 bats (D:1)
  3 endoplasms
  5 giant cockroaches
  11 goblins
  12 hobgoblins
  4 jackals (D:4)
  5 kobolds
  6 quokkas
  5 rats
98 creatures vanquished.

Vanquished Creatures (others)
  3 fungi (D:4)
  2 plants (D:1)
5 creatures vanquished.

Grand Total: 103 creatures vanquished

Notes
Turn   | Place    | Note
-------+----------+-------------------------------------------
     0 | D:1      | Skilfsilihog the Draconian Conjurer began the quest for the
                  | Orb.
     0 | D:1      | Reached XP level 1. HP: 14/14 MP: 3/3
   194 | D:1      | Found a faded altar of an unknown god.
   207 | D:1      | Reached XP level 2. HP: 16/20 MP: 1/5
  1084 | D:1      | Reached skill level 5 in Conjurations
  1084 | D:1      | Reached XP level 3. HP: 20/26 MP: 0/6
  1593 | D:2      | Learned a level 2 spell: Searing Ray
  1864 | D:2      | Found a stormy altar of Qazlal.
  1874 | D:2      | Reached XP level 4. HP: 33/33 MP: 0/7
  2759 | D:3      | Reached skill level 6 in Conjurations
  2933 | D:3      | Found a shadowy altar of Dithmenos.
  3240 | D:4      | Found a burning altar of Makhleb.
  3747 | D:4      | Reached XP level 5. HP: 38/38 MP: 6/8
  3813 | D:4      | Noticed an ogre
  3822 | D:4      | Killed an ogre
  3823 | D:4      | Reached skill level 7 in Conjurations
  3996 | D:4      | Noticed an ogre
  4002 | D:4      | Learned a level 4 spell: Iskenderun's Mystic Blast
  4004 | D:4      | Killed an ogre
  4005 | D:4      | Reached XP level 6. HP: 45/45 MP: 4/9
  4314 | D:5      | Entered Level 5 of the Dungeon
  4314 | D:5      | Noticed a +0 dagger
  4314 | D:5      | Noticed a +0 hand axe
  4314 | D:5      | Noticed a sky beast
  4314 | D:5      | Found a hide-covered altar of Uskayaw.
  4318 | D:5      | Killed a sky beast
  4680 | D:5      | Found a staircase to the Ecumenical Temple.
  4694 | Temple   | Entered the Ecumenical Temple
  5075 | D:5      | Your scales start taking on a glossy black colour.
  5075 | D:5      | Reached XP level 7. HP: 50/50 MP: 2/10
  5075 | D:5      | Gained mutation: You are resistant to electric shocks.
                  | (rElec) [Black Draconian growth]
  5360 | D:5      | Found Meelepaof's Antique Armour Emporium.
  5378 | D:5      | Found Woses's Magic Scroll Emporium.
  5406 | D:5      | Found Bipnou's Neck Hole.
  5460 | D:5      | Found Guuxaluut's Assorted Antiques.
  5473 | D:5      | Slain by an orc warrior

Illustrated notes

Levels and vault maps discovered:
D:1:      lemuel_arrival_cross, layout_rooms, dreamdust_ecumenical_altar_grove
D:2:      layout_rooms, basic_altar, serial_forest,
          infiniplex_forest_end_double, infiniplex_forest_end_2,
          infiniplex_forest_clump_diagonal, infiniplex_forest_clump_double,
          infiniplex_forest_straight_4, infiniplex_forest_lined_corner
D:3:      layout_loops_ring, nicolae_dithmenos_shadow_blocks,
          grunt_decor_junction, dk_vineyard_3
D:4:      cheibrodos_greedy_goblins, layout_rooms, mainiacjoe_overflow_boulevard
D:5:      layout_cave_pools, dancing_weapons_uskayaw,
          minmay_temple_entry_statues_pillars, serial_glass, glass_columns_a,
          glass_columns_b, glass_columns_a, glass_columns_b, glass_columns_a,
          glass_columns_a, serial_shops, kennysheep_mini, nicolae_shop_trees,
          kennysheep_mini_moat, nicolae_shop_stone,
          nicolae_shop_sticking_my_neck_out
Temple:   regret_index_temple_generic_petals

Skill      XL: |  1  2  3  4  5  6 |
---------------+-------------------+-----
Conjurations   | 5 6 7 |  7.0
Translocations | 2 4 |  4.9
Dodging        | |  1.7
Stealth        | |  1.7
Spellcasting   | |  2.0

Action                   |  1- 3 |  4- 6 |  7- 9 || total
-------------------------+-------+-------+-------++-------
Melee: Unarmed           |    49 |       |       ||    49
       Tailslap          |     9 |     4 |     1 ||    14
       Short sword       |    33 |    37 |     6 ||    76
       Punch             |     1 |     1 |       ||     2
 Cast: Magic Dart        |    67 |    88 |    24 ||   179
       Searing Ray       |       |     8 |     2 ||    10
 Abil: Breathe Lightning |       |       |     1 ||     1
  Use: Scroll            |       |     4 |       ||     4
Armor: Skin              |    51 |    17 |     3 ||    71
Dodge: Dodged            |   111 |    47 |     1 ||   159
